 Dungeon Crawl Stone Soup version 0.29-a0-298-g3c90f9a769 (webtiles) character file.

Game seed: 6251160602326305158

189 Ijustatesigmund the Cudgeller (level 5, 0/32 HPs)
             Began as a Gargoyle Monk on Mar 23, 2022.
             Slain by a gnoll sergeant
             ... wielding a +2 trident of freezing
              (6 damage)
             ... on level 3 of the Dungeon.
             The game lasted 00:06:19 (3294 turns).

Ijustatesigmund the Cudgeller (Gargoyle Monk)       Turns: 3294, Time: 00:06:19

Health: 0/32       AC: 13    Str: 15    XL:     5   Next: 68%
Magic:  5/5        EV: 10    Int: 12    God:
Gold:   139        SH:  0    Dex: 12    Spells: 4/4 levels left

rFire   . . .      SeeInvis .   a - +0 flail (vamp)
rCold   . . .      Faith    .   (no shield)
rNeg    + . .      Spirit   .   b - +0 scale mail
rPois   ∞          Reflect  .   (no helmet)
rElec   +          Harm     .   (no cloak)
rCorr   .          Rampage  .   f - +0 pair of gloves
Will    .....                   e - +0 pair of boots
Stlth   ..........              (no amulet)
HPRegen 0.10/turn               g - ring of wizardry
MPRegen 0.09/turn               (no ring)

@: confused, weak-willed, ambrosia-drunk, flying
A: sickness immunity, AC +4, negative energy resistance 1, electricity
resistance, torment resistance 1, petrification resistance
a: no special abilities


You were on level 3 of the Dungeon.
You visited 1 branch of the dungeon, and saw 3 of its levels.

You collected 139 gold pieces.

Inventory:

Hand Weapons
 a - a +0 vampiric flail (weapon)
 d - a +2 short sword of electrocution
Armour
 b - a +0 scale mail (worn)
 e - a +0 pair of boots (worn)
 f - a +0 pair of gloves (worn)
Jewellery
 g - a ring of wizardry (left hand)
Scrolls
 i - a scroll of vulnerability
Potions
 c - 2 potions of ambrosia
 j - 3 potions of cancellation
 k - a potion of curing
 l - 2 potions of flight


   Skills:
 + Level 3.5 Fighting
 + Level 4.7 Maces & Flails
 + Level 3.8 Armour
 - Level 2.4 Dodging
 - Level 2.1 Stealth


You had 4 spell levels left.
You didn't know any spells.
Your spell library was empty.

Dungeon Overview and Level Annotations

Branches:
Dungeon (3/15)

Altars:
Nemelex Xobeh

Shops:
D:3 [:[


Innate Abilities, Weirdness & Mutations

You are immune to sickness and miasma.
Your stone body is resilient. (AC +4)
You are immune to poison.
You resist negative energy. (rN+)
You are resistant to electric shocks. (rElec)
You are resistant to unholy torment.
You are immune to petrification.


Message History

You are too injured to fight recklessly!
You are too injured to fight recklessly!
You are too injured to fight recklessly!
You are too injured to fight recklessly!
You are too injured to fight recklessly!
You are too injured to fight recklessly!
You are too injured to fight recklessly!
You are too injured to fight recklessly!
You are too injured to fight recklessly!
You are too injured to fight recklessly!
You are too injured to fight recklessly!
You are too injured to fight recklessly!
As you read the scroll labelled SODDAA VIURPH, it crumbles to dust.
Magic quickly surges around you.
It was a scroll of vulnerability.
The gnoll closely misses you. The gnoll sergeant closely misses you.
It was a potion of flight.
You feel very buoyant.
You fly up into the air.
The gnoll barely misses you. The gnoll sergeant closely misses you.
The gnoll sergeant hits you with a +2 trident of freezing.
The gnoll sergeant freezes you.
The gnoll sergeant hits you from afar with a +2 trident of freezing.
* * * LOW HITPOINT WARNING * * *
The gnoll sergeant freezes you.
* * * LOW HITPOINT WARNING * * *
You are confused.
You feel invigorated. The gnoll barely misses you.
The gnoll sergeant closely misses you. The gnoll hits you with a +0 halberd.
* * * LOW HITPOINT WARNING * * *
The gnoll sergeant hits you with a +2 trident of freezing.
* * * LOW HITPOINT WARNING * * *
The gnoll sergeant freezes you.
* * * LOW HITPOINT WARNING * * *
You completely miss the gnoll. The gnoll hits you but does no damage.
The gnoll sergeant hits you but does no damage.
The gnoll hits you with a +0 halberd.
* * * LOW HITPOINT WARNING * * *
The gnoll sergeant hits you with a +2 trident of freezing.
You die...

P≈≈≈≈≈..###...........#*,*
.≈≈.≈≈♣.##.............*,*
.≈≈≈≈♣≈P#................#
.≈≈≈≈≈..#....#.....#.....###**
.≈.≈≈.≈.....##.....##.......,*
..≈≈≈≈......##.....##......,,*
.≈≈≈≈P≈.....#.......#.....,.,**
#≈.≈.≈≈..........g......#**#.,*
..P≈≈.♣.........@g......# *#.###
...PP..........#.#......# #....
..................#.....#*####.g.
.###............####....##.....g.
.###............# ##....#.....##
.............#### ##...#..##...
####..).)#.### #....#..#....
#..[....# #...)....._..
####...#.############.(....#....#


You could see a gnoll sergeant (weak-willed) and a gnoll (weak-willed).

Vanquished Creatures
  A scorpion (D:2)
  An orc wizard (D:3)
  3 gnolls
  3 worms
  4 dart slugs
  9 orcs (D:3)
  7 ball pythons
  6 bats
  3 endoplasms
  2 giant cockroaches
  3 goblins
  6 hobgoblins
  4 jackals (D:2)
  A quokka (D:3)
  A frilled lizard (D:2)
  3 kobolds
  3 rats (D:1)
60 creatures vanquished.

Vanquished Creatures (others)
  10 plants (D:3)
10 creatures vanquished.

Grand Total: 70 creatures vanquished

Notes
Turn   | Place    | Note
-------+----------+-------------------------------------------
     0 | D:1      | Ijustatesigmund the Gargoyle Monk began the quest for the
                  | Orb.
     0 | D:1      | Reached XP level 1. HP: 14/14 MP: 1/1
   193 | D:1      | Reached skill level 1 in Armour
   193 | D:1      | Reached XP level 2. HP: 19/19 MP: 2/2
   329 | D:1      | Found a faded altar of an unknown god.
   946 | D:2      | Reached XP level 3. HP: 23/23 MP: 3/3
  1866 | D:3      | Found Kaih's Antique Armour Emporium.
  2049 | D:3      | Reached XP level 4. HP: 5/28 MP: 4/4
  2053 | D:3      | Reached skill level 4 in Maces & Flails
  2239 | D:3      | Found Giloeppyn's Armour Emporium.
  2246 | D:3      | Found Fooxt's Book Shop.
  2292 | D:3      | Noticed a scorpion
  2315 | D:2      | Killed a scorpion
  2316 | D:2      | Reached XP level 5. HP: 29/32 MP: 5/5
  2451 | D:3      | Found a sparkling altar of Nemelex Xobeh.
  3294 | D:3      | Slain by a gnoll sergeant

Illustrated notes

Levels and vault maps discovered:
D:1:      amcnicky_arrival_single_pillar, layout_loops_ring,
          hellmonk_ecumenical_altar_heavens_door
D:2:      layout_basic, nrook_mini_backslash, chequers_serial_rivers_micro_e,
          columned_hall_lemuel, minmay_bisected
D:3:      layout_rooms, nicolae_overflow_crystal_walls, serial_bayou,
          serial_bayou_pond_b, serial_bayou_pond_d, serial_bayou_lagoon_a,
          serial_bayou_shore_a, serial_shops, shop, nicolae_shop_waterfront,
          shop_fountains, minmay_parallelograms

Skill      XL: |  1  2  3  4 |
---------------+-------------+-----
Armour         | 1 2 3 |  3.8
Maces & Flails | 4 |  4.7
Fighting       | |  3.5
Dodging        | |  2.4
Stealth        | |  2.1

Action                   |  1- 3 |  4- 6 || total
-------------------------+-------+-------++-------
Melee: Mace              |     6 |       ||     6
       Short sword       |    81 |       ||    81
       Flail             |    43 |    71 ||   114
       Punch             |     1 |     1 ||     2
  Use: Scroll            |     8 |     3 ||    11
       Potion            |     1 |     5 ||     6
 Stab: Invisible         |       |     1 ||     1
Armor: Robe              |     3 |       ||     3
       Scale mail        |    65 |    48 ||   113
Dodge: Dodged            |    51 |    69 ||   120

Table legend: (Time is in decaauts)
 A = Elapsed time spent in this place.
 B = Non-inter-level travel time spent in this place.
 C = Inter-level travel time spent in this place.
 D = Time resting spent in this place.
 E = Time spent auto-exploring this place.
 F = Levels seen in this place.
 G = Mean time per level.
                   A        B        C        D        E       F      G
               +--------+--------+--------+--------+--------+-----+--------+
         Total |   3342 |   3289 |     53 |    903 |   1776 |   3 | 1114.0 |
       Dungeon |   3342 |   3289 |     53 |    903 |   1776 |   3 | 1114.0 |
               +--------+--------+--------+--------+--------+-----+--------+

Top non-repeatable levels by time:
     D:2: 1813 daAuts
     D:3: 854 daAuts
     D:1: 674 daAuts
